 Dungeon Crawl Stone Soup version 0.29.1-15-g9cfb28693d (webtiles) character file.

Game seed: 9933236447400167266

18295 sizableburger the Carver (level 12, -2/226 HPs)
             Began as a White Draconian Warper on Apr 12, 2023.
             Was an Elder of Kikubaaqudgha.
             Slain by an ice devil (6 damage)
             ... in an ice cave.
             The game lasted 00:42:31 (14328 turns).

sizableburger the Carver (White Draconian Warper)  Turns: 14328, Time: 00:42:33

Health: -2/226     AC: 26    Str: 13    XL:     12   Next: 26%
Magic:  15/20      EV:  2    Int: 14    God:    Kikubaaqudgha [****..]
Gold:   506        SH:  0    Dex: 16    Spells: 6/22 levels left

rFire   + + .      SeeInvis +   V - +2 scimitar (vorpal)
rCold   + . .      Faith    .   (no shield)
rNeg    + . .      Spirit   .   (body armour unavailable)
rPois   +          Reflect  .   (helmet currently unavailable)
rElec   +          Harm     .   (cloak currently unavailable)
rCorr   +          Rampage  .   (gloves currently unavailable)
Will    .....      NoTele   +   (boots currently unavailable)
Stlth   ..........              h - amulet of regeneration
HPRegen 1.27/turn               p - ring of Nomus {rElec rF+ rN+ SInv}
MPRegen 0.17/turn               J - ring of poison resistance

@: brilliant, berserking, tree-form, resistant, very slightly contaminated,
invisible, very quick
A: stationary, stasis, torment immunity, boosted hp, (breathe frost), AC +8,
unfitting armour, (cold resistance 1), (cold-blooded)
a: Renounce Religion, Unearth Wretches


You were in an ice cave.
You worshipped Kikubaaqudgha.
Kikubaaqudgha was greatly pleased with you.
You were a tree.
You visited 2 branches of the dungeon, and saw 13 of its levels.
You also visited: Ice Cave.

You collected 521 gold pieces.
You spent 15 gold pieces at shops.

Inventory:

Hand Weapons
 u - a +3 falchion of freezing
 w - a -1 demon blade
 H - a +5 long sword
 V - a +2 vorpal scimitar (weapon)
Missiles
 c - 4 boomerangs of dispersal
 t - 24 poisoned darts
 z - 7 boomerangs
 C - 6 throwing nets
 I - 3 silver boomerangs (quivered)
Armour
 e - a +1 cloak (melded)
 A - a +0 pair of gloves (melded)
 K - a +0 kite shield of cold resistance
Jewellery
 h - an amulet of regeneration (around neck)
 p - the ring of Nomus (left branch) {rElec rF+ rN+ SInv}
   (You found it on level 3 of the Dungeon)

   [ring of see invisible]

   rF:        It protects you from fire.
   rElec:     It insulates you from electricity.
   rN:        It protects you from negative energy.
   SInv:      It lets you see invisible.
 y - a ring of fire
 B - a ring of see invisible
 E - an amulet of guardian spirit
 G - an amulet of magic regeneration
 J - a ring of poison resistance (right branch)
 O - a ring of wizardry
 Q - a ring of ice
 R - a ring of ice
Wands
 a - a wand of charming (14)
 D - a wand of digging (2)
 U - a wand of iceblast (6)
Scrolls
 d - 3 scrolls of vulnerability
 f - 5 scrolls of teleportation
 i - 2 scrolls of blinking
 s - 7 scrolls of amnesia
 v - a scroll of silence
 L - 2 scrolls of poison
 N - a scroll of identify
Potions
 b - a potion of invisibility
 j - 2 potions of flight
 k - 2 potions of cancellation
 n - 3 potions of haste
 q - a potion of degeneration {unknown}
 r - a potion of lignification
 x - a potion of magic {unknown}
 F - 2 potions of mutation
 M - a potion of ambrosia {unknown}
 P - 2 potions of curing
 S - a potion of might {unknown}


   Skills:
 - Level 8.0 Fighting
 + Level 11.4 Long Blades
 - Level 0.8 Throwing
 - Level 8.3 Dodging
 + Level 5.7 Spellcasting
 - Level 5.0 Hexes
 - Level 5.4 Summonings
 + Level 7.8 Necromancy
 - Level 4.1 Translocations


You had 6 spell levels left.
You knew the following spells:

 Your Spells              Type           Power      Damage    Failure   Level
a - Blink                 Tloc           46%        N/A       4%          2
b - Lesser Beckoning      Tloc           23%        N/A       9%          3
c - Animate Dead          Necr           39%        N/A       6%          4
d - Anguish               Hex/Necr       16%        N/A       12%         4
e - Call Canine Familiar  Summ           29%        N/A       4%          3

Your spell library contained the following spells:

 Spells                   Type           Power      Damage    Failure   Level
 Necrotise                Necr           100%       1d9       1%          1
 Summon Small Mammal      Summ           100%       N/A       1%          1
 Sublimation of Blood     Necr           39%        N/A       1%          2
 Summon Guardian Golem    Hex/Summ       28%        N/A       5%          3
 Dispel Undead            Necr           39%        3d16      6%          4
 Gell's Gravitas          Tloc           23%        N/A       9%          3
 Teleport Other           Tloc           23%        N/A       9%          3
 Foxfire                  Conj/Fire      24%        2x1d5     16%         1
 Inner Flame              Hex/Fire       16%        N/A       17%         3
 Agony                    Necr           39%        N/A       19%         5
 Wereblood                Tmut           6%         N/A       24%         2
 Conjure Flame            Conj/Fire      6%         6-21      43%         3
 Frozen Ramparts          Ice            12%        1d2       43%         3
 Summon Ice Beast         Ice/Summ       17%        N/A       45%         4
 Summon Mana Viper        Hex/Summ       28%        N/A       45%         5
 Corpse Rot               Necr/Pois/Air  17%        N/A       50%         4
 Manifold Assault         Tloc           23%        N/A       63%         5
 Borgnjor's Vile Clutch   Necr/Erth      11%        N/A       65%         5
 Death Channel            Necr           19%        N/A       69%         6
 Flame Wave               Conj/Fire      6%         2d5       85%         4
 Ice Form                 Ice/Tmut       6%         N/A       85%         4
 Dispersal                Tloc           11%        N/A       99%         6
 Monstrous Menagerie      Summ           14%        N/A       100%        7
 Summon Hydra             Summ           14%        N/A       100%        7


Dungeon Overview and Level Annotations

Branches:
Dungeon (12/15)            Temple (1/1) D:6            Lair (0/5) D:8
    Orc (0/2) D:9           IceCv (1/1)

Altars:
Ashenzari
Dithmenos
Elyvilon
Fedhas
Gozag
Hepliaklqana
Kikubaaqudgha
Makhleb
Nemelex Xobeh
Qazlal
Sif Muna
Trog
Uskayaw
Vehumet
Xom
Yredelemnul
Zin

Shops:
D:4 *   D:5 *   D:6 *

Annotations:
D:8 3 runed translucent doors
D:11 1 runed translucent door, croobank's ghost, journeyman DsFE


Innate Abilities, Weirdness & Mutations

You are a tree.
Your roots penetrate the ground, keeping you stationary.
You cannot be teleported.
You are immune to unholy pain and torment.
Your maximum health is greatly increased.
Your equipment is partially melded.
((You can breathe waves of freezing cold which knock back foes.))
((Your icy white scales are hard. (AC +8)))
You cannot fit into any form of body armour.
((Your flesh is cold resistant. (rC+)))
((You are cold-blooded and may be slowed by cold attacks.))


Message History

* * * LOW HITPOINT WARNING * * *
You are too injured to fight recklessly!
You are too injured to fight recklessly!
You are too injured to fight recklessly!
You are too injured to fight recklessly!
Unknown command.
You are too injured to fight recklessly!
You catch the helpless ice devil completely off-guard!
You hit the ice devil.
The ice devil is heavily wounded.
The ice devil hits you but does no damage.
The ice devil completely misses you. The ice devil hits you!
* * * LOW HITPOINT WARNING * * *
The ice devil freezes you! You resist.
* * * LOW HITPOINT WARNING * * *
You slash the ice devil!
The ice devil is severely wounded.
Unknown command.
You slash the ice devil!
You kill the ice devil!
Kikubaaqudgha accepts your kill. The ice devil hits you!
* * * LOW HITPOINT WARNING * * *
The ice devil freezes you! You resist.
* * * LOW HITPOINT WARNING * * *
The ice devil hits you but does no damage.
The ice devil hits you!
* * * LOW HITPOINT WARNING * * *
The ice devil freezes you! You resist.
* * * LOW HITPOINT WARNING * * *
You are too berserk!
You slash the ice devil!
The ice devil is heavily wounded.
You hit the ice devil.
The ice devil is severely wounded.
The ice devil hits you.
* * * LOW HITPOINT WARNING * * *
The ice devil freezes you. You resist.
You die...
Kikubaaqudgha rasps: "You have failed me!
Welcome... death!"

*,,**##......# ##..#
##...## *,** #......##
##.####...## *,,*
##.Z8#.Z## #..##...## *,,*
#.(###Z.####..#..## **,**
#[.# ##..# #.....# *,,*
######.Z## ##...## **,**
##.Z### ##### **,,*
#.Z##4## *,,** #.Z#♣44##**
**,** ***#..#444Z#,****
**,,* ***,*##...#ZZZZ...**
*,,****,,,,*##..#ZZZ....,*
**,,**,,,,,,*#####8Z....8*
**,**,,,,**,,* *Z.....,*
*,,*,,,,**,,,*** *...._.,*
**,,,,,,*,,,,+,* *......,*
*,,^,,,*,,,,*,* *8.....8*


You could see 6 ice devils, 2 anaconda simulacra, a death yak simulacrum (unable
to see you), 2 elephant simulacra, a dire elephant simulacrum (unable to see
you), 2 cane toad simulacra and 2 harpy simulacra.

Vanquished Creatures
  Harold (D:9)
  3 two-headed ogres
  A boulder beetle (D:8)
  Amaemon (D:9)
  A deep elf pyromancer (D:11)
  An orange demon (D:9)
  An unseen horror (D:11)
  A rime drake (IceCv)
  2 komodo dragons
  3 freezing wraiths (IceCv)
  3 ice devils (IceCv)
  2 kobold demonologists (D:10)
  A shadow (D:9)
  3 wyverns
  19 yaks
  Grum (D:9)
  3 death yak simulacra (IceCv)
  4 steam dragons
  2 basilisks (D:8)
  2 acid dragons
  3 water moccasins
  2 ice beasts
  2 black bears
  4 orc warriors
  3 ogres
  2 wolves (D:9)
  A phantom (D:5)
  3 kobold brigands
  3 bullfrogs
  4 cane toad simulacra (IceCv)
  A gnoll sergeant (D:11)
  3 scorpions
  A two-headed ogre simulacrum (IceCv)
  19 wights
  9 killer bees
  A howler monkey (D:8)
  4 crimson imps (D:7)
  4 hounds
  A gnoll bouda (D:4)
  5 orc priests
  14 orc wizards
  3 iguanas
  A troll simulacrum (IceCv)
  A wolf simulacrum (IceCv)
  11 adders
  10 gnolls
  A naga simulacrum (IceCv)
  A shadow imp (D:5)
  2 white imps
  6 ufetubi
  4 worms
  3 dart slugs
  20 orcs
  4 endoplasms
  4 giant cockroaches
  9 goblins
  9 hobgoblins
  2 jackals (D:1)
  26 kobolds
  5 quokkas
  9 ball pythons
  2 bats (D:1)
  3 frilled lizards (D:1)
  3 rats
283 creatures vanquished.

Vanquished Creatures (collateral kills)
  A two-headed ogre (D:9)
  Joseph (D:9)
  An ice devil (IceCv)
  A yak (D:11)
  An elephant simulacrum (IceCv)
  3 orcs
8 creatures vanquished.

Vanquished Creatures (others)
  An unseen horror zombie (D:11)
  2 yaks (D:11)
  A rime drake zombie (IceCv)
  A killer bee (D:8)
  5 yak zombies
  2 wolf zombies (D:9)
  A human zombie (D:9)
  An ice beast zombie (IceCv)
  6 orc zombies
  12 plants
32 creatures vanquished.

Grand Total: 323 creatures vanquished

Notes
Turn   | Place    | Note
-------+----------+-------------------------------------------
     0 | D:1      | sizableburger the Draconian Warper began the quest for the
                  | Orb.
     0 | D:1      | Reached XP level 1. HP: 17/17 MP: 3/3
   135 | D:1      | Found a faded altar of an unknown god.
   512 | D:1      | Reached XP level 2. HP: 25/25 MP: 5/5
  1569 | D:1      | Reached XP level 3. HP: 27/31 MP: 6/6
  1795 | D:1      | Reached skill level 3 in Long Blades
  2228 | D:2      | Learned a level 2 spell: Blink
  2232 | D:2      | Learned a level 3 spell: Lesser Beckoning
  2698 | D:2      | Reached XP level 4. HP: 37/40 MP: 7/7
  3424 | D:3      | Identified the ring of Nomus {rElec rF+ rN+ SInv}
  4155 | D:4      | Reached XP level 5. HP: 47/47 MP: 8/8
  4176 | D:4      | Reached skill level 4 in Long Blades
  4204 | D:4      | Found Zin's Purification Station.
  4207 | D:4      | Found a glowing silver altar of Zin.
  4207 | D:4      | Noticed a steam dragon
  4214 | D:5      | Entered Level 5 of the Dungeon
  4243 | D:4      | Killed a steam dragon
  4244 | D:4      | Reached skill level 5 in Fighting
  4244 | D:4      | Reached XP level 6. HP: 31/56 MP: 6/9
  4438 | D:5      | Reached skill level 5 in Long Blades
  4614 | D:5      | Your scales start taking on an icy white colour.
  4614 | D:5      | Reached XP level 7. HP: 53/61 MP: 10/10
  4614 | D:5      | Gained mutation: Your flesh is cold resistant. (rC+) [White
                  | Draconian growth]
  4653 | D:5      | Found Kenuuts's General Store.
  4712 | D:4      | Reached skill level 6 in Long Blades
  5000 | D:4      | Reached XP level 8. HP: 65/68 MP: 11/11
  5055 | D:4      | Reached skill level 7 in Long Blades
  5055 | D:4      | Reached skill level 5 in Dodging
  5542 | D:5      | Bought 3 poisoned darts for 14 gold pieces
  5919 | D:5      | Found a radiant altar of Vehumet.
  6169 | D:6      | Found Civety's Lightly-Used Armoury.
  6178 | D:6      | Bought a -3 demon blade for 1 gold piece
  6325 | D:6      | Reached skill level 8 in Long Blades
  6570 | D:6      | Found a staircase to the Ecumenical Temple.
  6576 | Temple   | Entered the Ecumenical Temple
  6587 | Temple   | Became a worshipper of Kikubaaqudgha
  6783 | D:6      | Reached XP level 9. HP: 71/75 MP: 14/14
  7266 | D:7      | Found a shimmering altar of Xom.
  7294 | D:7      | Reached skill level 1 in Necromancy
  7947 | D:8      | Found a runed translucent gate.
  7948 | D:8      | Noticed a red ugly thing
  7949 | D:8      | Noticed a cyan ugly thing
  7949 | D:8      | Noticed a cyan ugly thing
  7950 | D:8      | Found a runed translucent gate.
  7950 | D:8      | Noticed a brown ugly thing
  7951 | D:8      | Noticed a glowing orange brain
  7952 | D:8      | Found a runed translucent gate.
  8044 | D:8      | Reached * piety under Kikubaaqudgha
  8044 | D:8      | Received a gift from Kikubaaqudgha
  8196 | D:8      | Learned a level 4 spell: Animate Dead
  8234 | D:8      | Noticed a two-headed ogre
  8241 | D:8      | Killed a two-headed ogre
  8242 | D:8      | Reached skill level 9 in Long Blades
  8508 | D:8      | Reached XP level 10. HP: 78/83 MP: 11/16
  8603 | D:8      | Noticed a boulder beetle
  8658 | D:8      | Reached skill level 5 in Necromancy
  8660 | D:8      | Killed a boulder beetle
  8661 | D:8      | Reached skill level 10 in Long Blades
  8725 | D:8      | Found a staircase to the Lair.
  8736 | D:8      | Reached ** piety under Kikubaaqudgha
  9039 | D:8      | Found a hazy altar of Hepliaklqana.
 10223 | D:9      | Noticed Grum
 10223 | D:9      | Noticed Joseph
 10263 | D:9      | Killed Joseph
 10291 | D:9      | Killed Grum
 10312 | D:9      | Noticed a two-headed ogre
 10321 | D:9      | Killed a two-headed ogre
 10322 | D:9      | Reached skill level 11 in Long Blades
 10322 | D:9      | Reached XP level 11. HP: 89/89 MP: 17/17
 10326 | D:9      | Noticed Amaemon
 10335 | D:9      | Your ally Joseph died
 10342 | D:9      | Killed Amaemon
 10472 | D:9      | Learned a level 4 spell: Anguish
 10476 | D:9      | Learned a level 3 spell: Call Canine Familiar
 10513 | D:9      | Noticed Harold
 10528 | D:9      | Killed Harold
 10529 | D:9      | Reached skill level 1 in Hexes
 10529 | D:9      | Reached skill level 1 in Summonings
 10690 | D:9      | Found a shimmering blue altar of Sif Muna.
 10802 | D:9      | Found a staircase to the Orcish Mines.
 11146 | D:9      | Noticed a two-headed ogre
 11164 | D:9      | Killed a two-headed ogre
 11387 | D:10     | Entered Level 10 of the Dungeon
 11619 | D:10     | Found a shadowy altar of Dithmenos.
 11724 | D:10     | Reached *** piety under Kikubaaqudgha
 11724 | D:10     | Received a gift from Kikubaaqudgha
 11912 | D:10     | Noticed a two-headed ogre
 11925 | D:10     | Killed a two-headed ogre
 12152 | D:10     | Identified the +6 whip of the Jolly Youths {vorpal, rF+ rC+
                  | Will+ Dex+3}
 12655 | D:11     | Found a runed translucent door.
 12655 | D:11     | Noticed croobank's ghost (journeyman DsFE)
 12661 | D:11     | Noticed a deep elf pyromancer
 12666 | D:11     | Killed a deep elf pyromancer
 13000 | D:11     | Reached skill level 5 in Summonings
 13010 | D:11     | Reached XP level 12. HP: 97/101 MP: 12/19
 13015 | D:11     | Reached skill level 5 in Spellcasting
 13533 | D:12     | Found a frozen archway.
 13538 | IceCv    | Entered an ice cave
 13664 | IceCv    | Reached **** piety under Kikubaaqudgha
 13685 | IceCv    | Reached skill level 5 in Hexes
 14305 | IceCv    | Found an ancient bone altar of Kikubaaqudgha.
 14326 | IceCv    | HP: 5/226 [ice devil (10)]
 14328 | IceCv    | Slain by an ice devil

Illustrated notes

Levels and vault maps discovered:
D:1:      sevenhm_arrival_forest_fort_large_2, layout_basic,
          ebering_ecumenical_altar_abandoned, lexackson_kobold_supper
D:2:      layout_basic
D:3:      layout_loops_corners, chequers_serial_rivers_small_a
D:4:      layout_gridville, zin_purify
D:5:      layout_cave_pods, nicolae_vehumet_altar_sigil, serial_shops, shop,
          minmay_misc_feat_alley, minmay_checkerbox
D:6:      layout_cave_pods, minmay_temple_entry_hall, grunt_ministairs_10,
          minmay_shop_damaged
D:7:      layout_loops_corners, led_xom_imps
D:8:      layout_loops_ring, nicolae_hepliaklqana_hippocampus, erik_lair_dragon,
          ploomutoo_gammafunk_ghost_potion_laboratory
D:9:      layout_stronghold, kennysheep_orc_sif_temple, orc_0_dummy,
          library_closet, grunt_ministairs_7, uniq_harold, uniq_amaemon,
          uniq_grum, uniq_joseph
D:10:     layout_stronghold, grunt_dithmenos_smoke_and_mirrors
D:11:     layout_long_grid, hellmonk_ghost_big_iron
D:12:     layout_basic, portal_ice_cave_entry_pillars_2, minmay_starry_boxes,
          uniq_urug, uniq_sonja, uniq_jorgrun, uniq_josephine
Temple:   compressed_dpeg_triangle_lava_temple
IceCv:    ice_cave_small_necro

Skill      XL: |  1  2  3  4  5  6  7  8  9 10 11 12 |
---------------+-------------------------------------+-----
Fighting       | 3 4 5 6 8 |  8.0
Long Blades    | 3 4 5 6 8 9 11 | 11.4
Dodging        | 3 4 5 6 8 |  8.3
Translocations | 4 |  4.1
Spellcasting   | 3 4 5 |  5.7
Necromancy     | 4 7 |  7.8
Hexes          | 4 5 |  5.0
Summonings     | 5 |  5.4
Throwing       | |  0.8

Action                   |  1- 3 |  4- 6 |  7- 9 | 10-12 || total
-------------------------+-------+-------+-------+-------++-------
Melee: Falchion          |   162 |   200 |   436 |   476 ||  1274
       Tailslap          |    14 |    17 |    72 |   131 ||   234
       Punch             |     2 |     1 |     4 |    11 ||    18
       Scimitar          |       |       |       |   123 ||   123
Throw: Boomerang         |     2 |       |     1 |     7 ||    10
       Dart              |       |       |     2 |    14 ||    16
 Cast: Blink             |       |     3 |     1 |     3 ||     7
       Lesser Beckoning  |       |       |     1 |     1 ||     2
       Animate Dead      |       |       |     2 |     9 ||    11
       Anguish           |       |       |       |     6 ||     6
       Call Canine Famil |       |       |       |     4 ||     4
Invok: Unearth Wretches  |       |       |       |     2 ||     2
 Abil: Breathe Frost     |       |       |     7 |    10 ||    17
Evoke: Wand              |       |       |     4 |    14 ||    18
  Use: Scroll            |     4 |     8 |     3 |     6 ||    21
       Potion            |       |       |       |    15 ||    15
 Stab: Sleeping          |     1 |       |     1 |       ||     2
       Paralysed         |       |       |       |     5 ||     5
       Distracted        |       |       |       |     2 ||     2
       Invisible         |       |       |       |     1 ||     1
Armor: Skin              |    69 |    73 |   116 |   135 ||   393
Dodge: Dodged            |   127 |   138 |   285 |   405 ||   955
